 Dungeon Crawl Stone Soup version 0.30.1 (webtiles) character file.

Game seed: 18210687409599455659

8708 ANNNA the Cleaver (level 11, -6/97 HPs)
             Began as a Minotaur Berserker on July 7, 2023.
             Was a High Priest of Trog.
             Mangled by an enormous slime creature (42 damage)
             ... on level 12 of the Dungeon.
             The game lasted 00:19:49 (7649 turns).

ANNNA the Cleaver (Minotaur Berserker)              Turns: 7649, Time: 00:19:50

Health: -6/97      AC: 21    Str: 25    XL:     11   Next: 13%
Magic:  0/10       EV: 14    Int:  4    God:    Trog [*****.]
Gold:   501        SH:  5    Dex: 11    Spells: 10/10 levels left

rFire   + . .        J - +0 war axe
rCold   + . .        y - +2 buckler
rNeg    . . .        h - +2 plate armour {rF+}
rPois   .            (helmet restricted)
rElec   .            n - +1 cloak
rCorr   .            (no gloves)
SInv    .            H - +0 pair of boots
Will    ++...        A - amulet of guardian spirit Stlth
                     d - ring of protection from cold
HPRegen 1.36/turn    w - +5 ring of evasion
MPRegen 0.12/turn

%: guardian spirit
@: strong-willed, regenerating
A: horns 2, retaliatory headbutt
a: Renounce Religion, Berserk, Trog's Hand, Brothers in Arms


You were on level 12 of the Dungeon.
You worshipped Trog.
Trog was extremely pleased with you.
You visited 2 branches of the dungeon, and saw 12 of its levels.
You also visited: Ossuary.

You collected 537 gold pieces.
You spent 36 gold pieces at shops.

Inventory:

Hand Weapons
 D - a +4 falchion of holy wrath
 J - a +0 war axe (weapon)
Missiles
 b - 102 stones (quivered)
 c - 3 curare-tipped darts
 i - 24 poisoned darts
Armour
 h - a +2 plate armour of fire resistance (worn)
 n - a +1 cloak (worn)
 y - a +2 buckler (worn)
 H - a +0 pair of boots (worn)
Jewellery
 d - a ring of protection from cold (left hand)
 w - a +5 ring of evasion (right hand)
 A - an amulet of guardian spirit (around neck)
Wands
 a - a wand of charming (3)
 o - a wand of roots (6)
Scrolls
 f - 4 scrolls of blinking
 g - 2 scrolls of acquirement {unknown}
 j - 13 scrolls of teleportation
 m - a scroll of magic mapping {unknown}
 p - a scroll of vulnerability {unknown}
 r - 4 scrolls of fear
 t - 2 scrolls of enchant weapon
 x - a scroll of silence {unknown}
 z - a scroll of immolation {unknown}
 E - a scroll of enchant armour {unknown}
 F - a scroll of amnesia {unknown}
 I - a scroll of fog {unknown}
Potions
 e - 4 potions of might
 k - 3 potions of haste
 l - 3 potions of curing
 q - 2 potions of brilliance {unknown}
 s - 3 potions of invisibility {unknown}
 u - 3 potions of heal wounds
 v - 2 potions of degeneration {unknown}
 B - a potion of mutation {unknown}
 C - a potion of lignification {unknown}
 G - a potion of flight {unknown}


   Skills:
 * Level 9.0 Fighting
 * Level 1.0 Long Blades
 * Level 13.7 Axes
 * Level 11.9 Armour
 * Level 6.7 Dodging
 + Level 0.4 Stealth


You had 10 spell levels left.
You didn't know any spells.
Your spell library was empty.

Dungeon Overview and Level Annotations

Branches:
Dungeon (12/15)            Temple (0/1) D:5            Lair (1/5) D:9
Ossuary (visited)
    Orc: D:9-12

Altars:
Ashenzari
Cheibriados
Dithmenos
Elyvilon
Fedhas
Hepliaklqana
Kikubaaqudgha
Makhleb
Nemelex Xobeh
Qazlal
Sif Muna
Trog
Vehumet
Xom
Yredelemnul
The Shining One

Shops:
D:5 *


Innate Abilities, Weirdness & Mutations

You have a pair of horns on your head.
You reflexively headbutt those who attack you in melee.


Message History

A large slime creature splits.
Unknown command.
You slice the large slime creature!!
Your headbutt misses the large slime creature.
The large slime creature is almost dead.
The large slime creature hits you!!
Two slime creatures merge to form a very large slime creature.
Unknown command.
You slash the very large slime creature!
The very large slime creature is severely wounded.
Two slime creatures merge to form an enormous slime creature.
You hit the enormous slime creature.
The enormous slime creature is heavily wounded.
The enormous slime creature misses you. You furiously retaliate!
You headbutt the enormous slime creature!
Unknown command.
You slash the enormous slime creature!
You headbutt the enormous slime creature.
The enormous slime creature is heavily wounded.
The enormous slime creature hits you.
Unknown command.
You barely miss the enormous slime creature.
The enormous slime creature is heavily wounded.
You hit the enormous slime creature.
The enormous slime creature is severely wounded.
The enormous slime creature closely misses you.
You furiously retaliate!
You headbutt the enormous slime creature.
Unknown command.
You slash the enormous slime creature!
The enormous slime creature is severely wounded.
You block the enormous slime creature's attack.
You slash the enormous slime creature!
The enormous slime creature is severely wounded.
The enormous slime creature hits you!!!
Your skin crawls.
You feel strong-willed.
A slime creature comes into view.
The enormous slime creature hits you!!!
You die...

#........>.# .#
####.......##.#
..............###
#................
###...........#.
#............# ####
#.#......#...# .....
#.##...###...###......
#.#.....##....@J.....J
#.#.###.##...####.....
#...# #..#...# ###
#.### ##.....# ###
##........ #########


You could see an enormous slime creature and a slime creature.

Vanquished Creatures
  A hydra (D:8)
  Pikel (D:5)
  A gargoyle (D:10)
  Maggie (D:8)
  4 trolls
  Grinder (D:4)
  Sigmund (D:5)
  A wraith (D:8)
  5 slime creatures (D:10)
  6 yaks
  A steam dragon (D:8)
  Menkaure (D:4)
  2 water moccasins
  Duvessa (D:4)
  4 ice beasts
  2 orc warriors
  3 black bears
  2 centaurs
  4 wolves (D:9)
  2 phantoms
  A bullfrog (D:8)
  2 kobold brigands
  3 wights (D:7)
  Dowan (D:4)
  An electric eel (D:9)
  5 howler monkeys
  7 crimson imps (D:7)
  2 centaur zombies (Ossuary)
  5 hounds
  2 orc priests (D:9)
  2 gnoll boudas (D:7)
  3 jellies
  4 iguanas
  Natasha (thrice) (D:2)
  8 orc wizards
  6 mummies (Ossuary)
  8 gnolls (D:7)
  8 adders
  A shadow imp (D:8)
  8 white imps
  4 worms
  4 dart slugs
  26 orcs
  6 ball pythons
  6 bats
  8 endoplasms
  3 giant cockroaches
  5 goblins
  6 hobgoblins
  7 jackals
  3 quokkas
  2 frilled lizards
  5 hobgoblin zombies (Ossuary)
  14 kobolds
  7 rats
230 creatures vanquished.

Vanquished Creatures (others)
  5 dream sheep (D:9)
5 creatures vanquished.

Grand Total: 235 creatures vanquished

Notes
Turn   | Place    | Note
-------+----------+-------------------------------------------
     0 | D:1      | ANNNA the Minotaur Berserker began the quest for the Orb.
     0 | D:1      | Reached XP level 1. HP: 19/19 MP: 0/0
   125 | D:1      | Reached XP level 2. HP: 27/27 MP: 1/1
   168 | D:1      | Reached skill level 4 in Axes
   316 | D:1      | Reached ** piety under Trog
   325 | D:1      | Reached XP level 3. HP: 33/33 MP: 2/2
   769 | D:2      | Found a radiant altar of Vehumet.
   809 | D:2      | Noticed Natasha
   821 | D:2      | Killed Natasha
   822 | D:2      | Reached XP level 4. HP: 22/41 MP: 3/3
   927 | D:2      | Found a faded altar of an unknown god.
   968 | D:2      | Noticed Natasha
   975 | D:2      | Killed Natasha
   976 | D:2      | Reached skill level 5 in Axes
  1121 | D:2      | Noticed Natasha
  1129 | D:2      | Killed Natasha
  1130 | D:2      | Reached XP level 5. HP: 43/47 MP: 4/4
  1327 | D:3      | Noticed a phantom
  1334 | D:3      | Reached *** piety under Trog
  1343 | D:3      | Killed a phantom
  1344 | D:3      | Reached skill level 5 in Fighting
  1344 | D:3      | Reached skill level 6 in Axes
  1386 | D:3      | Found a burning altar of Makhleb.
  1386 | D:3      | Noticed an Executioner
  1624 | D:4      | Noticed a black bear
  1636 | D:4      | Killed a black bear
  1637 | D:4      | Reached XP level 6. HP: 56/56 MP: 5/5
  1707 | D:4      | Noticed Duvessa
  1709 | D:4      | Noticed Dowan
  1715 | D:4      | Killed Duvessa
  1718 | D:4      | Killed Dowan
  1719 | D:4      | Reached skill level 5 in Armour
  1719 | D:4      | Reached XP level 7. HP: 61/61 MP: 6/6
  1779 | D:4      | Reached skill level 7 in Axes
  1850 | D:4      | Noticed Menkaure
  1867 | D:4      | Killed Menkaure
  2079 | D:4      | Noticed Grinder
  2095 | D:4      | Killed Grinder
  2096 | D:4      | Reached skill level 8 in Axes
  2204 | D:5      | Entered Level 5 of the Dungeon
  2257 | D:5      | Found a sand-covered staircase.
  2267 | D:5      | Reached XP level 8. HP: 70/70 MP: 7/7
  2275 | Ossuary  | Entered an ossuary
  2521 | D:5      | Noticed Sigmund
  2532 | D:5      | Killed Sigmund
  2577 | D:5      | Found Dirineed's General Store.
  2585 | D:5      | Bought a scroll of teleportation for 36 gold pieces
  2691 | D:5      | Noticed Pikel
  2709 | D:5      | Killed Pikel
  2710 | D:5      | Reached skill level 9 in Axes
  2865 | D:5      | Found a white marble altar of Elyvilon.
  2931 | D:5      | Found a staircase to the Ecumenical Temple.
  2967 | D:5      | Found a basalt altar of Yredelemnul.
  3021 | D:5      | Found a glowing golden altar of the Shining One.
  3078 | D:5      | Found a blossoming altar of Fedhas.
  3154 | D:5      | Reached XP level 9. HP: 65/78 MP: 8/8
  3449 | D:5      | Noticed an angel
  3617 | D:6      | Reached skill level 10 in Axes
  3630 | D:6      | Reached skill level 5 in Dodging
  3776 | D:6      | Found a stormy altar of Qazlal.
  3777 | D:6      | Found a shadowy altar of Dithmenos.
  3778 | D:6      | Found a radiant altar of Vehumet.
  3801 | D:6      | Reached **** piety under Trog
  4191 | D:7      | Reached skill level 11 in Axes
  4948 | D:8      | Noticed a seven-headed hydra
  4964 | D:8      | Killed a 12-headed hydra
  4965 | D:8      | Reached skill level 12 in Axes
  4965 | D:8      | Reached skill level 10 in Armour
  4965 | D:8      | Reached XP level 10. HP: 48/88 MP: 9/9
  5080 | D:8      | Identified the +0 flail of Muich {pain, rN+ Stlth+}
  5594 | D:8      | Noticed Maggie
  5607 | D:8      | Killed Maggie
  5894 | D:8      | Noticed a moth of wrath
  5896 | D:8      | Found a bloodstained altar of Trog.
  6009 | D:9      | Found a shimmering altar of Xom.
  6204 | D:9      | Found a sparkling altar of Nemelex Xobeh.
  6305 | D:9      | Found a staircase to the Lair.
  6420 | D:9      | Reached ***** piety under Trog
  6537 | D:9      | Reached skill level 13 in Axes
  6809 | D:9      | Found a snail-covered altar of Cheibriados.
  7045 | D:9      | Found a broken altar of Ashenzari.
  7049 | D:9      | Saw a vision of the Shoals and the Snake Pit.
  7049 | D:9      | Noticed a black mamba
  7049 | D:9      | Noticed a black mamba
  7049 | D:9      | Noticed a black mamba
  7049 | D:9      | Noticed a naga ritualist
  7049 | D:9      | Noticed a sea snake
  7049 | D:9      | Noticed a manticore
  7049 | D:9      | Noticed a merfolk aquamancer
  7049 | D:9      | Noticed a manticore
  7049 | D:9      | Noticed a sea snake
  7102 | Lair:1   | Entered Level 1 of the Lair of Beasts
  7159 | Lair:1   | Noticed an elephant
  7159 | Lair:1   | Noticed an elephant
  7195 | D:10     | Entered Level 10 of the Dungeon
  7195 | D:10     | Found a hazy altar of Hepliaklqana.
  7269 | D:10     | Found an ancient bone altar of Kikubaaqudgha.
  7369 | D:10     | Noticed a gargoyle
  7387 | D:10     | Killed a gargoyle
  7474 | D:10     | Reached XP level 11. HP: 95/95 MP: 8/10
  7558 | D:10     | Found a shimmering blue altar of Sif Muna.
  7563 | D:10     | Reached skill level 1 in Long Blades
  7580 | D:10     | You fall into a shaft and drop 2 floors!
  7649 | D:12     | Mangled by an enormous slime creature

Illustrated notes

Levels and vault maps discovered:
D:1:      scummos_arrival_simple_crosswalls, layout_rooms,
          chequers_serial_rivers_micro_d, nrook_loot_triangle
D:2:      wander_river, layout_basic, hellmonk_ecumenical_altar_lost_god,
          basic_altar, minmay_tromino_v4_b, uniq_natasha
D:3:      layout_rooms, makhleb_altar_promises_db
D:4:      layout_rooms, uniq_menkaure, uniq_grinder, uniq_duvessa
D:5:      layout_cave_pods, grunt_temple_overflow_holy_war, elyvilon_altar_3,
          kennysheep_mini_moat, minmay_temple_entry_overgrown, serial_shops,
          shop, nicolae_ossuary_entry_monument, uniq_pikel, uniq_sigmund
D:6:      layout_cave_pools, chequers_temple_overflow_statue_of_worship,
          serial_column_ruins, column_ruins_hut_pillars, column_ruins_grid_5,
          column_ruins_grid_2, column_ruins_corridor_dead_end,
          column_ruins_open_large, column_ruins_open_medium
D:7:      layout_basic, minmay_nine_imps
D:8:      kennysheep_blocky_room, layout_gridville, tgw_trog, uniq_maggie
D:9:      layout_loops_ring, nemelex_spade_bored_becter,
          mainiacjoe_overflow_catwalk, grunt_ashenzari_visionary
          [grunt_ashenzari_visionary_shoals, grunt_ashenzari_visionary_snake],
          kb_xom_exploding_sheep, erik_lair_island
D:10:     layout_rooms, nicolae_sif_muna_little_library,
          mainiacjoe_overflow_alcove_2, mainiacjoe_overflow_cross_hatched,
          grunt_ministairs_10, nicolae_wwwww
D:12:     layout_rooms, uniq_jorgrun, uniq_nergalle
Lair:1:   layout_gridlike, beast_lair_carwin_10

Skill      XL: |  1  2  3  4  5  6  7  8  9 10 11 |
---------------+----------------------------------+-----
Fighting       | 4 5 6 7 8 9 |  9.0
Axes           | 4 5 6 8 9 12 13 | 13.7
Armour         | 3 4 5 6 8 10 11 | 11.9
Dodging        | 3 4 5 6 |  6.7
Long Blades    | 1 |  1.0
Stealth        | |  0.4

Action                     |  1- 3 |  4- 6 |  7- 9 | 10-12 || total
---------------------------+-------+-------+-------+-------++-------
  Melee: Hand axe          |    94 |    83 |   274 |   151 ||   602
         Headbutt          |    12 |    11 |    48 |    44 ||   115
         Punch             |     1 |       |     2 |     3 ||     6
         War axe           |       |       |       |    43 ||    43
 Invoke: Berserk           |       |     2 |     6 |     3 ||    11
         Trog's Hand       |       |       |     1 |     2 ||     3
  Evoke: Wand              |       |       |     2 |       ||     2
    Use: Scroll            |     3 |     2 |     3 |     1 ||     9
 Armour: Plate armour      |    61 |    71 |   169 |    77 ||   378
  Dodge: Dodged            |    38 |    34 |   175 |   125 ||   372
  Block: Buckler           |       |       |       |     6 ||     6
